 Dungeon Crawl Stone Soup version 0.29-a0-529-gfa20dd96a1 (webtiles) character file.

Game seed: 12453256032780887701

259 jifgo the Insei (level 6, 0/41 HPs)
             Began as an Octopode Transmuter on June 2, 2022.
             Slain by an orc
             ... wielding a +0 trident
              (7 damage)
             ... on level 4 of the Dungeon.
             The game lasted 00:07:38 (4247 turns).

jifgo the Insei (Octopode Transmuter)               Turns: 4247, Time: 00:07:39

Health: 0/41       AC:  1    Str: 11    XL:     6   Next: 17%
Magic:  10/10      EV: 10    Int: 22    God:
Gold:   199        SH:  0    Dex: 12    Spells: 5/11 levels left

rFire   . . .      SeeInvis .     - Unarmed
rCold   . . .      Faith    .   (no shield)
rNeg    . . .      Spirit   .   (helmet restricted)
rPois   +          Reflect  .   (no amulet)
rElec   .          Harm     .   f - ring of poison resistance
rCorr   .          Rampage  .   l - +6 ring of intelligence
Will    .....                   (no ring)
Stlth   ++........              (no ring)
HPRegen 0.13/turn               (no ring)
MPRegen 0.12/turn               (no ring)
                                (no ring)
                                (no ring)

@: confused, brilliant, ambrosia-drunk, constricted
A: almost no armour, amphibious, 8 rings, camouflage 1, gelatinous body 1,
(nimble swimmer 1), tentacles
a: no special abilities


You were on level 4 of the Dungeon.
You visited 1 branch of the dungeon, and saw 4 of its levels.

You collected 199 gold pieces.

Inventory:

Missiles
 j - 5 poisoned darts
Jewellery
 f - a ring of poison resistance (left tentacle)
 l - a +6 ring of intelligence (right tentacle)
Scrolls
 b - a scroll of summoning {unknown}
 c - 2 scrolls of amnesia {unknown}
 d - 2 scrolls of teleportation {unknown}
 e - 2 scrolls of fog {unknown}
 g - a scroll of brand weapon {unknown}
 k - 2 scrolls of immolation {unknown}
 o - 4 scrolls of identify {unknown}
 q - a scroll of poison {unknown}
 t - a scroll of blinking {unknown}
 v - a scroll of enchant weapon {unknown}
 w - a scroll of silence {unknown}
Potions
 a - a potion of lignification
 h - a potion of mutation {unknown}
 i - 2 potions of flight {unknown}
 m - a potion of attraction {unknown}
 n - a potion of resistance {unknown}
 r - a potion of experience {unknown}
 u - a potion of magic {unknown}
 x - a potion of haste {unknown}


   Skills:
 + Level 2.7 Fighting
 - Level 2.0 Dodging
 + Level 4.1 Unarmed Combat
 + Level 3.1 Spellcasting
 + Level 3.3 Transmutations
 + Level 2.1 Poison Magic


You had 5 spell levels left.
You knew the following spells:

 Your Spells              Type           Power      Damage    Failure   Level
a - Wereblood             Tmut           27%        N/A       4%          2
b - Spider Form           Tmut/Pois      23%        N/A       12%         3
x - Beastly Appendage     Tmut           54%        N/A       3%          1

Your spell library contained the following spells:

 Spells                   Type           Power      Damage    Failure   Level
 Ice Form                 Ice/Tmut       16%        N/A       52%         4
 Blade Hands              Tmut           13%        N/A       63%         5
 Iron Shot                Conj/Erth      2%         9d2       100%        6
 Animate Armour           Summ/Erth      Unusable   N/A       N/A         4

Dungeon Overview and Level Annotations

Branches:
Dungeon (4/15)
 Temple: D:4-7

Altars:
Hepliaklqana
Vehumet
Xom

Shops:
D:4 [

Annotations:
D:4 Dowan, Duvessa


Innate Abilities, Weirdness & Mutations

You cannot wear most types of armour.
You are amphibious.
You can wear up to eight rings at the same time.
Your skin changes colour to match your surroundings (Stealth+).
Your rubbery body absorbs attacks. (AC +1, EV +1)
((You are camouflaged when in or above water. (Stealth+)))
You have tentacles for arms and can constrict up to eight enemies at once.


Message History

You hiss as the wereblood boils in your veins!
You are no longer corroded.
The ball python attacks as you move away!
The ball python completely misses you.
Your primal bloodlust is almost over.
You hiss as the wereblood boils in your veins!
You hiss as the wereblood boils in your veins!
Your transformation has ended.
The ball python completely misses you. The ball python closely misses you.
You howl as the wereblood boils in your veins!
The ball python attacks as you move away!
The ball python closely misses you. x2
Your primal bloodlust has ended.
There is a stone staircase leading up here.
The ball python misses you. The ball python grabs you.
You stop ascending the stairs.
The ball python constricts you.
* * * LOW HITPOINT WARNING * * *
The ball python closely misses you. The ball python constricts you.
* * * LOW HITPOINT WARNING * * *
Unknown command.
The ball python's grasp on you weakens, but your attempt to escape fails.
The orc barely misses you. The ball python bites you.
* * * LOW HITPOINT WARNING * * *
The ball python constricts you.
* * * LOW HITPOINT WARNING * * *
Unknown command.
It was a potion of brilliance.
You feel clever all of a sudden.
The ball python bites you but does no damage.
The ball python constricts you.
* * * LOW HITPOINT WARNING * * *
The orc closely misses you.
It was a potion of ambrosia.
You are confused.
You feel invigorated. The ball python bites you.
* * * LOW HITPOINT WARNING * * *
The ball python constricts you.
* * * LOW HITPOINT WARNING * * *
The orc hits you from afar with a +0 trident!
You die...

#..............#....
#........##...###..#
#.............###..#
##'##...........#...
########......#.#......#...
#..............>.......#...
######.............#.#......#...
#...........................'...
#..............@So......########
#............#######.##....###..
#............#.......#..........
##............'.......#..........
.........)<...#.......#..........
..#'###..)....##########.........
..#.).#########.......##.....##..
..#...................##.....####
..#...................#.......#..


You could see an orc and a ball python.

Vanquished Creatures
  A scorpion (D:3)
  2 jellies (D:4)
  3 adders
  4 worms
  5 dart slugs
  6 orcs
  6 ball pythons
  4 endoplasms
  3 giant cockroaches
  5 goblins
  6 hobgoblins
  7 kobolds
  2 quokkas
  4 bats
  5 frilled lizards
  6 rats
69 creatures vanquished.

Notes
Turn   | Place    | Note
-------+----------+-------------------------------------------
     0 | D:1      | jifgo the Octopode Transmuter began the quest for the Orb.
     0 | D:1      | Reached XP level 1. HP: 13/13 MP: 3/3
    49 | D:1      | Found a faded altar of an unknown god.
   268 | D:1      | Reached XP level 2. HP: 14/18 MP: 3/5
   271 | D:1      | Learned a level 2 spell: Wereblood
   817 | D:1      | Reached XP level 3. HP: 23/23 MP: 6/6
  1345 | D:2      | Found a radiant altar of Vehumet.
  2282 | D:3      | Learned a level 3 spell: Spider Form
  2290 | D:3      | Noticed a scorpion
  2291 | D:3      | Reached XP level 4. HP: 29/29 MP: 5/7
  2900 | D:4      | Found Cinaoxki's Armour Emporium.
  2990 | D:4      | Reached skill level 1 in Poison Magic
  3335 | D:4      | Found a hazy altar of Hepliaklqana.
  3380 | D:4      | Reached XP level 5. HP: 34/34 MP: 5/9
  3469 | D:4      | Noticed Duvessa
  3470 | D:4      | Noticed Dowan
  3900 | D:3      | Reached skill level 4 in Unarmed Combat
  4130 | D:4      | Found a shimmering altar of Xom.
  4227 | D:4      | Reached XP level 6. HP: 8/41 MP: 5/10
  4247 | D:4      | Slain by an orc

Illustrated notes

Levels and vault maps discovered:
D:1:      dpeg_arrival_windows_large_door, layout_basic,
          ebering_ecumenical_altar_mist
D:2:      layout_basic, basic_altar
D:3:      layout_loops_ring
D:4:      layout_gridville, lemuel_coloured_pillars_altar,
          worldfamousw_hep_ancestral_shrine, nicolae_stop_n_shop_1,
          st_stairs_14, nrook_mini_vaults, minmay_misc_feat_more_columns,
          uniq_duvessa

Skill      XL: |  1  2  3  4  5 |
---------------+----------------+-----
Fighting       | 2 |  2.7
Poison Magic   | 1 2 |  2.1
Transmutations | 3 |  3.3
Unarmed Combat | 4 |  4.1
Spellcasting   | 3 |  3.1
Dodging        | |  2.0

Action                   |  1- 3 |  4- 6 || total
-------------------------+-------+-------++-------
Melee: Unarmed           |    64 |    70 ||   134
       Kick              |    23 |    15 ||    38
       Constrict         |    22 |    19 ||    41
       Tentacles         |     9 |     9 ||    18
       Punch             |       |     1 ||     1
 Cast: Beastly Appendage |    30 |    14 ||    44
       Wereblood         |     8 |     8 ||    16
       Spider Form       |       |     2 ||     2
  Use: Potion            |       |     2 ||     2
 Stab: Sleeping          |     5 |     2 ||     7
Armor: Skin              |     5 |     4 ||     9
Dodge: Dodged            |    28 |    87 ||   115

Table legend: (Time is in decaauts)
 A = Elapsed time spent in this place.
 B = Non-inter-level travel time spent in this place.
 C = Inter-level travel time spent in this place.
 D = Time resting spent in this place.
 E = Time spent auto-exploring this place.
 F = Levels seen in this place.
 G = Mean time per level.
                   A        B        C        D        E       F      G
               +--------+--------+--------+--------+--------+-----+--------+
         Total |   4237 |   4020 |    217 |    662 |   2433 |   4 | 1059.2 |
       Dungeon |   4237 |   4020 |    217 |    662 |   2433 |   4 | 1059.2 |
               +--------+--------+--------+--------+--------+-----+--------+

Top non-repeatable levels by time:
     D:2: 1231 daAuts
     D:3: 1098 daAuts
     D:1: 1072 daAuts
     D:4: 834 daAuts
